 Dungeon Crawl Stone Soup version 0.29.0-10-g45618ea6d2 (webtiles) character file.

Game seed: 12039428920712864621

4 mdonais the Sneak (level 1, 0/19 HPs)
             Began as a Demigod Delver on Sept 2, 2022.
             Slain by an iguana (10 damage)
             ... on level 4 of the Dungeon.
             The game lasted 00:03:27 (199 turns).

mdonais the Sneak (Demigod Delver)                   Turns: 199, Time: 00:03:27

Health: 0/19       AC:  3    Str: 13    XL:     1   Next: 46%
Magic:  3/3        EV: 11    Int: 12    God:
Gold:   19         SH:  0    Dex: 15    Spells: 0/0 levels left

rFire   . . .      SeeInvis .   a - +0 hand axe
rCold   . . .      Faith    .   (no shield)
rNeg    . . .      Spirit   .   b - +0 leather armour
rPois   .          Reflect  .   (helmet restricted)
rElec   .          Harm     .   (no cloak)
rCorr   .          Rampage  .   (no gloves)
Will    .....                   (no boots)
Stlth   +++.......              (no amulet)
HPRegen 0.06/turn               (no ring)
MPRegen 0.08/turn               (no ring)

@: hasted, very quick
A: high MP 1, forlorn, divine attributes, horns 1
a: no special abilities


You were on level 4 of the Dungeon.
You visited 1 branch of the dungeon, and saw 2 of its levels.

You collected 19 gold pieces.

Inventory:

Hand Weapons
 a - a +0 hand axe (weapon)
 g - a +0 antimagic short sword
   (You took it off an orc on level 4 of the Dungeon)
Missiles
 t - 2 boomerangs (quivered)
Armour
 b - a +0 leather armour (worn)
 f - a +2 scale mail of cold resistance
   (You found it on level 5 of the Dungeon)
Wands
 D - a wand of digging (3)
Scrolls
 c - a scroll of fog
 d - 2 scrolls of teleportation {unknown}
 e - a scroll of fear
 j - a scroll of enchant armour {unknown}


   Skills:
 + Level 3.0 Fighting
 - Level 1.7 Axes
 - Level 1.7 Dodging
 - Level 4.5 Stealth


You couldn't memorise any spells.
You didn't know any spells.
Your spell library was empty.

Dungeon Overview and Level Annotations

Branches:
Dungeon (5/15) Zot: 11798
 Temple: D:4-7

Shops:
D:5 *


Innate Abilities, Weirdness & Mutations

You have an increased reservoir of magic. (+10% MP)
You shall have no god before yourself.
Your divine heritage dramatically boosts your attributes as you level up.
You have a pair of small horns on your head.


Message History

Welcome, mdonais the Demigod Delver.
Are you destined to find the legendary Orb of Zot, or to die trying?
Press ? for a list of commands and other information.
Found a whip and a scroll of fear.
e - 2 scrolls of fear (gained 1)
Found Virudumm's Lightly-Used Armoury.
Found a scroll labelled SATEN RUNUQ.
There is an entrance to Virudumm's Lightly-Used Armoury here.
You can access your shopping list by pressing '$'.
Found 7 gold pieces.
d - a scroll labelled SATEN RUNUQ You now have 7 gold pieces.
Found a shiny scale mail.
You see here a +2 scale mail of cold resistance.
f - a +2 scale mail of cold resistance An ice beast comes into view.
There is an entrance to Virudumm's Lightly-Used Armoury here.
A water moccasin comes into view.
There is a stone staircase leading up here.
You climb upwards.
You hear the sound of rushing water.
There is an entrance to a sewer on this level.
Hurry and find it before the portal rusts away!
There is a stone staircase leading down here.
Nothing quivered!
Unknown command.
Unknown command.
Unknown command.
Found a scroll labelled SATEN RUNUQ.
The orc shouts!
You hit the orc.
The orc is almost dead.
The orc misses you.
You hit the orc.
You kill the orc!
A giant cockroach comes into view.
Found 12 gold pieces.
Items here: ( ) [ †.
g - a +0 antimagic short sword;
t - 2 boomerangs (quivered)
As you read the scroll of magic mapping, it crumbles to dust.
You feel aware of your surroundings.
You sensed 2 altars, and 1 shop/portal.
Unknown command.
Found an orange potion.
Found a fizzy amethyst potion.
d - 2 scrolls labelled SATEN RUNUQ (gained 1)
h - an orange potion You now have 19 gold pieces (gained 12).
Found a scroll labelled UTOCEG ATARRE.
i - a fizzy amethyst potion
j - a scroll labelled UTOCEG ATARRE You hear the slow rusting of a very distant drain.
An orc comes into view. It is wielding a +0 short sword.
Throw: 2 boomerangs
Press: ? - help, Q - select action Shift-Dir - straight line, f - orc
Aim: an orc, wielding a +0 short sword (asleep, 98% to hit)
You throw a boomerang. The boomerang hits the orc.
The orc is moderately wounded.
Throw: 2 boomerangs
Press: ? - help, Q - select action Shift-Dir - straight line, f/p - orc
Aim: an orc, wielding a +0 short sword (moderately wounded, 59% to hit)
You throw a boomerang. The boomerang hits the orc.
The orc is almost dead.
Throw: 2 boomerangs
Press: ? - help, Q - select action Shift-Dir - straight line, f/p - orc
Aim: an orc, wielding a +0 short sword (almost dead, 59% to hit)
You throw a boomerang. The boomerang hits the orc.
You kill the orc!
Your Fighting skill increases to level 3!
Health restored: 19 An ogre comes into view.
It is wielding a +0 giant club.
An orc comes into view. It is wielding a +0 hand axe.
Throw: 2 boomerangs
Press: ? - help, Q - select action Shift-Dir - straight line, f - orc
Aim: an orc, wielding a +0 hand axe and wearing a +0 chain mail (asleep, 98% to hit)
You throw a boomerang.
The boomerang hits the orc but does no damage.
An orc comes into view. It is wielding a +0 short sword.
Throw: 2 boomerangs
Press: ? - help, Q - select action Shift-Dir - straight line, f - orc
Aim: an orc, wielding a +0 short sword and wearing a +0 leather armour (wandering, hasn't noticed you, 59% to hit)
You throw a boomerang. The boomerang barely misses the orc.
The orc shouts!
A kobold comes into view. It is wielding a +0 dagger.
Throw: 2 boomerangs
Press: ? - help, Q - select action Shift-Dir - straight line, f - kobold
Aim: a kobold, wielding a +0 dagger (wandering, hasn't noticed you, 51% to hit)
You throw a boomerang. The boomerang misses the kobold.
An orc comes into view. It is wielding a +0 war axe.
Okay, then.
Throw: 2 boomerangs
Press: ? - help, Q - select action Shift-Dir - straight line, f/p - kobold
Aim: a kobold, wielding a +0 dagger (51% to hit)
You throw a boomerang. The orc shouts!
The boomerang hits the kobold.
You kill the kobold!
It was a potion of mutation.
You feel extremely strange. A pair of horns grows on your head!
An iguana comes into view.
An orc wizard comes into view. It is wielding a +0 dagger.
The orc falls through a shaft!
The shaft crumbles and collapses.
Throw: 2 boomerangs
Press: ? - help, Q - select action Shift-Dir - straight line, f - iguana
Aim: an iguana (wandering, hasn't noticed you, 63% to hit)
You throw a boomerang. The iguana hisses angrily.
The orc wizard shouts!
The boomerang hits the iguana but does no damage.
It was a potion of curing.
You feel better.
The orc wizard casts a spell.
The orc wizard flickers and vanishes!
Deactivating autopickup; reactivate with Ctrl-A.
The orc hits you with a +0 short sword.
You take 3 damage, and have 16/19 hp.
As you read the scroll of fear, it crumbles to dust.
You assume a fearsome visage.
The iguana looks frightened!
The orc looks frightened! x2
Found 5 gold pieces.
Cornered, the iguana turns to fight!
You feel yourself speed up.
You hit the iguana.
The iguana is lightly wounded.
You hit something. The iguana completely misses you.
You hit the iguana but do no damage.
The iguana is lightly wounded.
You closely miss something. Something hits you. The iguana barely misses you.
You take 1 damage, and have 15/19 hp.
You hit the iguana but do no damage.
You headbutt the iguana, but do no damage.
The iguana is lightly wounded.
You hit something. Something hits you. The iguana barely misses you.
You take 4 damage, and have 11/19 hp.
MASSIVE DAMAGE!!
You barely miss the iguana.
You headbutt the iguana, but do no damage.
The iguana is lightly wounded.
You barely miss something. You hit the iguana. You headbutt the iguana.
The iguana is heavily wounded.
You completely miss something.
You hear the slow rusting of a drain very nearby.
The iguana bites you but does no damage.
Something hits you.
You take 1 damage, and have 11/19 hp.
You hit the iguana.
The iguana is severely wounded.
You closely miss something. Something hits you. The iguana bites you!
Ouch! That really hurt!
You die...

##.... ###.....
####..+####
#..##.#,,,,
#.....#,,,,
####.....#,,**
##........#,,*
#######.....).###,,*
#..{@l..........#,,*
*#.######........#,,*
*,,* ###....#.#,,**
*****,** ##$..#.#,,,,
*,,*,,* #####.#,,,,
***,,,,,* *,+****
**~,,,,,* ****,,,
**~~,,,,** *,,,
***~~*,,,**** **,,


You could see an iguana.

Vanquished Creatures
  2 orcs (D:4)
  A kobold (D:4)
3 creatures vanquished.

Notes
Turn   | Place    | Note
-------+----------+-------------------------------------------
     0 | D:5      | mdonais the Demigod Delver began the quest for the Orb.
     0 | D:5      | Reached XP level 1. HP: 18/18 MP: 3/3
     7 | D:5      | Found Virudumm's Lightly-Used Armoury.
    44 | D:5      | Noticed an ice beast
    88 | D:5      | Noticed a water moccasin
   158 | D:4      | Noticed an ogre
   177 | D:4      | Gained mutation: You have a pair of small horns on your
                  | head. [potion of mutation]
   177 | D:4      | Noticed an iguana
   177 | D:4      | Noticed an orc wizard
   199 | D:4      | Slain by an iguana

Illustrated notes

Levels and vault maps discovered:
D:4:      layout_cave_pools, grunt_gozag_statues, lemuel_tele_altar,
          cheibrodos_sewer_entry_bend, kennysheep_pointless_box, hex_large
D:5:      layout_loops_cross, minmay_temple_entry_wispy, minmay_shop_damaged,
          uniq_menkaure

Skill      XL: |  1 |
---------------+----+-----
Fighting       | 3 |  3.0
Axes           | |  1.7
Dodging        | |  1.7
Stealth        | |  4.5

Action                   || total
-------------------------++-------
Melee: Hand axe          ||     8
       Headbutt          ||     3
Throw: Boomerang         ||     8
  Use: Potion            ||     3
       Scroll            ||     2
Armor: Leather armour    ||     1
Dodge: Dodged            ||     4
